SR
CROWLEY CAJUNS @ NEWCASTLE MERMEN
08/10/2034
 
TOP OF THE 1ST
Crowley Cajuns batting - Pitching for Newcastle Mermen : RHP Francisco Aragón
Pitching: RHP Francisco Aragón
Batting: RHB Steve Smith 0-0: Called Strike
0-1: Ball
1-1: Foul Ball, location: 2F
1-2: Strikes out swinging
Batting: RHB Miguel Contreras 0-0: Foul Ball, location: 2F
0-1: Ball
1-1: Swinging Strike
1-2: Foul Ball, location: 2F
1-2: Ball
2-2: Ground out 6-3 (Groundball, 6M)
Batting: RHB James Strickland 0-0: Ground out 6-3 (Groundball, 6)
Top of the 1st over - 0 runs, 0 hits, 0 errors, 0 left on base; Crowley 0 - Newcastle 0
BOTTOM OF THE 1ST
Newcastle Mermen batting - Pitching for Crowley Cajuns : RHP Gerhard Karge
Pitching: RHP Gerhard Karge
Batting: SHB Lai-hsiang Loh 0-0: Foul Ball, location: 2F
0-1: Swinging Strike
0-2: Ball
1-2: Strikes out swinging, 2-3 out at first.
Batting: RHB Jasa Anastasijevic 0-0: Fly out, F8 (Flyball, 8RXD)
Batting: RHB Barsati Saraf 0-0: Called Strike
0-1: Swinging Strike
0-2: Strikes out swinging
Bottom of the 1st over - 0 runs, 0 hits, 0 errors, 0 left on base; Crowley 0 - Newcastle 0
TOP OF THE 2ND
Crowley Cajuns batting - Pitching for Newcastle Mermen : RHP Francisco Aragón
Batting: LHB Stephen Goldobenko 0-0: SINGLE (Line Drive, 7S)
Batting: SHB Jorge Indiano 0-0: Called Strike
0-1: Swinging Strike
0-2: Strikes out swinging
Batting: RHB Vitorio Flores 0-0: Called Strike
0-1: Ball
1-1: Foul Ball, location: 2F
1-2: Ball
2-2: Strikes out looking
Batting: SHB Reginald Gibson Pickoff Throw to First - Out!
Top of the 2nd over - 0 runs, 1 hit, 0 errors, 0 left on base; Crowley 0 - Newcastle 0
BOTTOM OF THE 2ND
Newcastle Mermen batting - Pitching for Crowley Cajuns : RHP Gerhard Karge
Batting: RHB Seung-hwan Pak 0-0: SINGLE (Groundball, 4MS) (infield hit)
Batting: RHB Katsuyuki Nakamura 0-0: Foul Ball, location: 2F
0-1: Ball
1-1: Fly out, F4 (Popup, 3D)
Batting: RHB Roberto Díaz 0-0: Called Strike
0-1: Called Strike
0-2: Strikes out swinging
Batting: RHB Aaron Bickford 0-0: Called Strike
0-1: Swinging Strike
0-2: Foul Ball, location: 2F
0-2: Foul Ball, location: 2F
0-2: Ball
1-2: Foul Ball, location: 2F
1-2: Strikes out swinging
Bottom of the 2nd over - 0 runs, 1 hit, 0 errors, 1 left on base; Crowley 0 - Newcastle 0
TOP OF THE 3RD
Crowley Cajuns batting - Pitching for Newcastle Mermen : RHP Francisco Aragón
Batting: SHB Reginald Gibson 0-0: Foul Ball, location: 2F
0-1: Called Strike
0-2: Foul Ball, location: 2F
0-2: Ground out 4-3 (Groundball, 4MD)
Batting: LHB Scott Fields 0-0: Swinging Strike
0-1: Foul Ball, location: 2F
0-2: Ball
1-2: Ball
2-2: SINGLE (Line Drive, 8LS)
Batting: RHB Dusty Hunt 0-0: Grounds out, U3 (Groundball, 3L)
Batting: RHB Steve Smith 0-0: Ball
Wild Pitch!
Scott Fields to third
1-0: Ball
2-0: Ground out 5-3 (Groundball, 56)
Top of the 3rd over - 0 runs, 1 hit, 0 errors, 1 left on base; Crowley 0 - Newcastle 0
BOTTOM OF THE 3RD
Newcastle Mermen batting - Pitching for Crowley Cajuns : RHP Gerhard Karge
Batting: RHB Armando Silva 0-0: Ball
1-0: Foul Ball, location: 2F
1-1: SINGLE (Line Drive, 8LS)
Batting: RHB José Cruz 0-0: Ball
1-0: Ball
2-0: Called Strike
2-1: Ball
3-1: Grounds into double play, 5-4-3 (Groundball, 56)
Batting: SHB Lai-hsiang Loh 0-0: Called Strike
0-1: Swinging Strike
0-2: Foul Ball, location: 2F
0-2: Foul Ball, location: 2F
0-2: Strikes out swinging
Bottom of the 3rd over - 0 runs, 1 hit, 0 errors, 0 left on base; Crowley 0 - Newcastle 0
TOP OF THE 4TH
Crowley Cajuns batting - Pitching for Newcastle Mermen : RHP Francisco Aragón
Batting: RHB Miguel Contreras 0-0: Called Strike
0-1: Ball
1-1: SINGLE (Groundball, 6MD)
Batting: RHB James Strickland 0-0: Called Strike
0-1: Ball
1-1: Foul Ball, location: 2F
1-2: SINGLE (Line Drive, 34)
Miguel Contreras to second
Batting: LHB Stephen Goldobenko 0-0: Foul Ball, location: 2F
0-1: Foul Ball, location: 2F
0-2: SINGLE (Groundball, 4MD)
Miguel Contreras to third
James Strickland to second
Batting: SHB Jorge Indiano 0-0: Fly out, F8 (Flyball, 78M)
Runner from 3rd tags up, SCORES, no throw
Batting: RHB Vitorio Flores 0-0: Ball
1-0: Ball
2-0: Called Strike
2-1: Foul Ball, location: 2F
2-2: Ground out 5-3 (Groundball, 56S)
James Strickland to third
Stephen Goldobenko to second
Batting: SHB Reginald Gibson 0-0: Ball
1-0: Fly out, F9 (Line Drive, 9LD)
Top of the 4th over - 1 run, 3 hits, 0 errors, 2 left on base; Crowley 1 - Newcastle 0
BOTTOM OF THE 4TH
Newcastle Mermen batting - Pitching for Crowley Cajuns : RHP Gerhard Karge
Batting: RHB Jasa Anastasijevic 0-0: Ball
1-0: Ball
2-0: Ball
3-0: Base on Balls
Batting: RHB Barsati Saraf 0-0: Swinging Strike
0-1: Called Strike
0-2: Ball
Jasa Anastasijevic steals 2nd base
1-2: Ball
2-2: Strikes out swinging
Batting: RHB Seung-hwan Pak 0-0: Ball
1-0: Fly out, F7 (Flyball, 7)
Batting: RHB Katsuyuki Nakamura 0-0: Ground out 6-3 (Groundball, 6)
Bottom of the 4th over - 0 runs, 0 hits, 0 errors, 1 left on base; Crowley 1 - Newcastle 0
TOP OF THE 5TH
Crowley Cajuns batting - Pitching for Newcastle Mermen : RHP Francisco Aragón
Batting: LHB Scott Fields 0-0: Foul Ball, location: 2F
0-1: Ball
1-1: Fly out, F9 (Line Drive, 89D)
Batting: RHB Dusty Hunt 0-0: SINGLE (Flyball, 8RS)
Batting: RHB Steve Smith 0-0: Ball
1-0: Ball
2-0: Called Strike
2-1: Ball
3-1: Base on Balls
Dusty Hunt to second
Batting: RHB Miguel Contreras 0-0: Ball
1-0: Ball
Dusty Hunt steals 3rd base
Steve Smith to second
2-0: Called Strike
2-1: Fly out, F7 (Flyball, 78D)
Runner from 3rd tags up, SCORES, throw made
Batting: RHB James Strickland 0-0: Ball
1-0: Ball
2-0: SINGLE (Line Drive, 6MD)
Steve Smith to third
Runner from 3rd tries for Home, SAFE, no throw
Batting: LHB Stephen Goldobenko 0-0: Ball
1-0: Foul Ball, location: 2F
1-1: Ball
2-1: Fly out, F9 (Flyball, 9S)
Top of the 5th over - 2 runs, 2 hits, 0 errors, 1 left on base; Crowley 3 - Newcastle 0
BOTTOM OF THE 5TH
Newcastle Mermen batting - Pitching for Crowley Cajuns : RHP Gerhard Karge
Batting: RHB Roberto Díaz 0-0: Ball
1-0: Ball
2-0: Ball
3-0: Called Strike
3-1: Foul Ball, location: 2F
3-2: Base on Balls
Batting: RHB Aaron Bickford 0-0: Foul Ball, location: 2F
0-1: Ball
1-1: Called Strike
1-2: Strikes out swinging
Batting: RHB Armando Silva 0-0: Ball
1-0: Foul Ball, location: 2F
1-1: Ball
2-1: Ball
3-1: Fielders Choice at 2nd, 4-6 (Groundball, 34)
Batting: RHB José Cruz 0-0: Ball
1-0: Fly out, F8 (Flyball, 8LXD)
Bottom of the 5th over - 0 runs, 0 hits, 0 errors, 1 left on base; Crowley 3 - Newcastle 0
TOP OF THE 6TH
Crowley Cajuns batting - Pitching for Newcastle Mermen : RHP Francisco Aragón
Batting: SHB Jorge Indiano 0-0: Called Strike
0-1: Ball
1-1: DOUBLE (Line Drive, 78D)
Batting: RHB Vitorio Flores 0-0: Ball
1-0: Called Strike
1-1: Ball
2-1: Ball
3-1: Base on Balls
Batting: SHB Reginald Gibson 0-0: Called Strike
0-1: Ball
1-1: Sac Bunt - play at first, batter OUT! 5-3
Jorge Indiano to third
Vitorio Flores to second
Batting: LHB Scott Fields 0-0: Called Strike
0-1: Foul Ball, location: 2F
0-2: Ball
1-2: Ball
2-2: Strikes out swinging
Batting: RHB Dusty Hunt 0-0: Foul Ball, location: 2F
0-1: Swinging Strike
0-2: Ball
1-2: Strikes out looking
Top of the 6th over - 0 runs, 1 hit, 0 errors, 2 left on base; Crowley 3 - Newcastle 0
BOTTOM OF THE 6TH
Newcastle Mermen batting - Pitching for Crowley Cajuns : RHP Gerhard Karge
Batting: SHB Lai-hsiang Loh 0-0: Ball
1-0: Ground out 6-3 (Groundball, 6)
Batting: RHB Jasa Anastasijevic 0-0: Ball
1-0: Called Strike
1-1: Foul Ball, location: 2F
1-2: Ball
2-2: Strikes out swinging
Batting: RHB Barsati Saraf 0-0: Ball
1-0: Called Strike
1-1: Foul Ball, location: 2F
1-2: Ball
2-2: SINGLE (Flyball, 9LS)
Batting: RHB Seung-hwan Pak 0-0: Ball
1-0: Ball
2-0: DOUBLE (Flyball, 8RD)
Barsati Saraf to third
Batting: RHB Katsuyuki Nakamura 0-0: Called Strike
0-1: Ball
1-1: Swinging Strike
1-2: SINGLE (Groundball, 6MD)
Barsati Saraf scores
Seung-hwan Pak to third
Batting: RHB Roberto Díaz 0-0: Called Strike
0-1: Foul Ball, location: 2F
0-2: Foul Ball, location: 2F
0-2: Ball
1-2: Fly out, F7 (Flyball, 7LMF)
Bottom of the 6th over - 1 run, 3 hits, 0 errors, 2 left on base; Crowley 3 - Newcastle 1
TOP OF THE 7TH
Crowley Cajuns batting - Pitching for Newcastle Mermen : RHP Francisco Aragón
Batting: RHB Steve Smith 0-0: Called Strike
0-1: Ball
1-1: DOUBLE (Line Drive, 7LD)
Batting: RHB Miguel Contreras 0-0: Called Strike
0-1: Ball
1-1: Ball
2-1: Ball
3-1: Swinging Strike
3-2: Ground out 5-3 (Groundball, 56)
Batting: RHB James Strickland 0-0: Ball
1-0: Ball
2-0: Called Strike
2-1: Foul Ball, location: 2F
2-2: Ground out 4-3 (Groundball, 34)
Steve Smith to third
Batting: LHB Stephen Goldobenko 0-0: Called Strike
0-1: Foul Ball, location: 2F
0-2: Ball
Wild Pitch!
Steve Smith scores
1-2: Ball
2-2: Fly out, F9 (Flyball, 9)
Top of the 7th over - 1 run, 1 hit, 0 errors, 0 left on base; Crowley 4 - Newcastle 1
BOTTOM OF THE 7TH
Newcastle Mermen batting - Pitching for Crowley Cajuns : RHP Gerhard Karge
Batting: RHB Aaron Bickford 0-0: Ball
1-0: Called Strike
1-1: Fly out, F7 (Line Drive, 78M)
Batting: RHB Armando Silva 0-0: Foul Ball, location: 2F
0-1: Ball
1-1: Foul Ball, location: 2F
1-2: Ball
2-2: Foul Ball, location: 2F
2-2: Foul Ball, location: 2F
2-2: Strikes out swinging
Batting: RHB José Cruz 0-0: Called Strike
0-1: Ball
1-1: Ball
2-1: Ball
3-1: Foul Ball, location: 2F
3-2: Foul Ball, location: 2F
3-2: Strikes out swinging, 2-3 out at first.
Bottom of the 7th over - 0 runs, 0 hits, 0 errors, 0 left on base; Crowley 4 - Newcastle 1
TOP OF THE 8TH
Crowley Cajuns batting - Pitching for Newcastle Mermen : RHP Francisco Aragón
Batting: SHB Jorge Indiano 0-0: Called Strike
0-1: Called Strike
0-2: SINGLE (Groundball, 34S) (infield hit)
Batting: RHB Vitorio Flores 0-0: Ball
Error on foul ball, E3
1-1: SINGLE (Groundball, 6MD)
Jorge Indiano to second
Runner from 2nd tries for 3rd, SAFE, no throw
Pitching: RHP Foeke Advocaat
Batting: SHB Reginald Gibson 0-0: Ball
1-0: Foul Ball, location: 2F
1-1: SINGLE (Groundball, 4D)
Jorge Indiano scores
Vitorio Flores to second
Batting: LHB Scott Fields 0-0: Ball
1-0: Sac Bunt - play at first, batter OUT! U3
Vitorio Flores to third
Reginald Gibson to second
Batting: RHB Dusty Hunt 0-0: Foul Ball, location: 2F
0-1: Ball
1-1: Foul Ball, location: 2F
1-2: Strikes out looking
Batting: RHB Steve Smith 0-0: Ball
1-0: Fly out, F8 (Flyball, 8RM)
Top of the 8th over - 1 run, 3 hits, 1 error, 2 left on base; Crowley 5 - Newcastle 1
BOTTOM OF THE 8TH
Newcastle Mermen batting - Pitching for Crowley Cajuns : RHP Gerhard Karge
Batting: SHB Lai-hsiang Loh 0-0: Ball
1-0: Ball
2-0: Called Strike
2-1: Foul Ball, location: 2F
2-2: Fly out, F8 (Flyball, 8LM)
Batting: RHB Jasa Anastasijevic 0-0: Ball
1-0: Ball
2-0: Foul Ball, location: 2F
2-1: Foul Ball, location: 2F
2-2: Foul Ball, location: 2F
2-2: SINGLE (Groundball, 6MD)
Pitching: RHP José Antonio López
Batting: RHB Barsati Saraf 0-0: Called Strike
0-1: Foul Ball, location: 2F
0-2: Foul Ball, location: 2F
0-2: Fly out, F3 (Popup, 34S)
Batting: RHB Seung-hwan Pak 0-0: Ball
1-0: Foul Ball, location: 2F
1-1: Fly out, F9 (Flyball, 89S)
Bottom of the 8th over - 0 runs, 1 hit, 0 errors, 1 left on base; Crowley 5 - Newcastle 1
TOP OF THE 9TH
Crowley Cajuns batting - Pitching for Newcastle Mermen : RHP Foeke Advocaat
Batting: RHB Miguel Contreras 0-0: Ground out U3 (Groundball, 3)
Batting: RHB James Strickland 0-0: SINGLE (Groundball, 4MD)
Batting: LHB Stephen Goldobenko 0-0: DOUBLE (Flyball, 78XD)
James Strickland to third
Runner from 3rd tries for Home, SAFE, no throw
Batting: SHB Jorge Indiano 0-0: Ball
1-0: Ball
2-0: Swinging Strike
2-1: Ball
3-1: Called Strike
3-2: Strikes out swinging
Batting: RHB Vitorio Flores 0-0: Foul Ball, location: 2F
0-1: Foul Ball, location: 2F
0-2: Ball
1-2: Ball
2-2: Ball
3-2: DOUBLE (Line Drive, 78S)
Stephen Goldobenko scores
Batting: SHB Reginald Gibson 0-0: Ball
Wild Pitch!
Vitorio Flores to third
1-0: Foul Ball, location: 2F
1-1: Ball
2-1: Fly out, F7 (Line Drive, 78S)
Top of the 9th over - 2 runs, 3 hits, 0 errors, 1 left on base; Crowley 7 - Newcastle 1
BOTTOM OF THE 9TH
Newcastle Mermen batting - Pitching for Crowley Cajuns : RHP José Antonio López
Batting: RHB Katsuyuki Nakamura 0-0: Ball
1-0: Called Strike
1-1: Foul Ball, location: 2F
1-2: SINGLE (Line Drive, 5S)
Batting: RHB Roberto Díaz 0-0: Swinging Strike
0-1: Called Strike
0-2: Ball
1-2: Foul Ball, location: 2F
1-2: Ball
2-2: Ball
3-2: Strikes out swinging
Batting: RHB Aaron Bickford 0-0: Called Strike
0-1: Called Strike
0-2: Ball
1-2: Strikes out swinging
Batting: RHB Armando Silva 0-0: Ball
1-0: Called Strike
1-1: Ground out 1-3 (Groundball, 15)
Bottom of the 9th over - 0 runs, 1 hit, 0 errors, 1 left on base; Crowley 7 - Newcastle 1
Friday, March 29th, 2019 - OOTP Baseball 18.8 Build 76